 Dungeon Crawl Stone Soup version 0.28.0-45-g0d030f2227 (webtiles) character file.

Game seed: 13463403963282841193

307 dianekeaton the Cleaver (level 6, 0/114 HPs)
             Began as a Hill Orc Fighter on Apr 5, 2022.
             Succumbed to a scorpion's poison
             ... on level 5 of the Dungeon.
             The game lasted 00:12:48 (4416 turns).

dianekeaton the Cleaver (Hill Orc Fighter)          Turns: 4416, Time: 00:12:49

Health: 0/114      AC: 23    Str: 20 (21) XL:     6   Next: 40%
Magic:  6/6        EV:  2    Int:  5 (8)  God:
Gold:   166        SH:  5    Dex:  8 (10) Spells: 5/5 levels left

rFire   x . .      SeeInvis .   a - +0 war axe
rCold   + . .      Faith    .   c - +1 buckler
rNeg    . . .      Spirit   .   (armour currently unavailable)
rPois   +          Reflect  .   (helmet currently unavailable)
rElec   .          Harm     .   (cloak currently unavailable)
rCorr   .          Rampage  .   (gloves currently unavailable)
Will    .....      NoTele   +   (boots currently unavailable)
Stlth   ..........              (no amulet)
HPRegen 0.29/turn               j - ring of ice
MPRegen 0.10/turn               (no ring)

@: berserking, lethally poisoned (0 -> -2), tree-form, very quick
A: stationary, stasis, torment immunity, boosted hp
a: no special abilities


You were on level 5 of the Dungeon.
You were a tree.
You visited 1 branch of the dungeon, and saw 5 of its levels.

You collected 166 gold pieces.

Inventory:

Hand Weapons
 a - a +0 war axe (weapon)
Missiles
 e - 24 stones
Armour
 b - a +0 scale mail (melded)
 c - a +1 buckler (worn)
Jewellery
 d - a ring of positive energy
 j - a ring of ice (left branch)
Wands
 m - a wand of flame (3) (quivered)
Scrolls
 i - a scroll of teleportation
 p - a scroll of vulnerability
Potions
 f - 2 potions of magic
 h - 2 potions of cancellation
 n - a potion of lignification


   Skills:
 - Level 3.6 Fighting
 + Level 8.4 Axes
 + Level 0.1 Throwing
 - Level 3.2 Armour
 + Level 1.0 Stealth
 - Level 3.2 Shields
 + Level 0.2 Evocations


You had 5 spell levels left.
You didn't know any spells.
Your spell library contained the following spells:

 Spells                   Type           Power      Damage    Failure   Level
 Ensorcelled Hibernation  Hex/Ice        0%         N/A       71%         2
 Passwall                 Tmut/Erth      0%         N/A       71%         2
 Swiftness                Air            0%         N/A       91%         3


Dungeon Overview and Level Annotations

Branches:
Dungeon (5/15)             Temple (0/1) D:5

Altars:
Cheibriados
Gozag
Uskayaw
Vehumet

Annotations:
D:4 Dowan, Duvessa


Message History

The scorpion closely misses you. The centaur skeleton hits you.
* * * LOW HITPOINT WARNING * * *
The centaur skeleton kicks you but does no damage.
The iguana bites you.
* * * LOW HITPOINT WARNING * * *
Your surroundings suddenly seem different.
Found 10 gold pieces.
* * * LOW HITPOINT WARNING * * *
You feel very sick.
It was a potion of attraction.
You feel attractive to monsters.
* * * LOW HITPOINT WARNING * * *
You feel sick.
Okay, then.
It was a potion of cancellation.
Your magical effects are unravelling.
You feel magically purged.
* * * LOW HITPOINT WARNING * * *
You feel sick.
You feel less attractive to monsters.
It was a potion of degeneration.
There was something very wrong with that liquid.
You feel weakened.
You feel dopey.
You feel clumsy.
* * * LOW HITPOINT WARNING * * *
You feel sick.
It was a potion of lignification.
You turn into a tree.
Your +0 scale mail melds into your body.
Your roots penetrate the ground.
* * * LOW HITPOINT WARNING * * *
You feel sick.
It was a potion of berserk rage.
A red film seems to cover your vision as you go berserk!
You feel yourself moving faster!
You feel mighty!
* * * LOW HITPOINT WARNING * * *
You feel sick.
Sorry, you're not good enough to have a special ability.
You are too berserk!
You cannot move.
There is a lethal amount of poison in your body!
You feel a strong urge to attack something.
You die...

,,,,,,,,,,,,,,,,,,,,,,***,,,,,,,,
,,,,,,,,,.......,,,,,****,,,,,***
,,,,,,,,,.......,,,,####,,,,*** *
,,,,,,,,,.......,,,.....,,*,,*
,<,,,,,,,.......,,,....*,,**,**
,,,,,,,,,.......,,...#**,****,*
,,,,,,,,,,,.....##..#**,,* *,**
,*,,,,,,,,,,,#......###.** **,**
,,,,,,,,,,,,,*#.♣.......** *,,,
*,*,,,,,,,,,,,##....###.,** **,**
*,***,,,,,,,,,*#..#..#**,,***,,*
*,,,***,,,,,,,,...#,.#***,,**,**
,,,,,,,,*,,,,,,...#*,$#**,,,,,*
,,>,,**,,,,,,,....#*,,..,,,,,,**
,,,,,*,,,,,,,,.....,,**#,,,,,,,**
*,,,**,,,,,,,......,,* *,,,,,,,,*
***,*,,,,,,,,,,,,,,*,****,,,,,,,,


There were no monsters in sight!

Vanquished Creatures
  An ice beast (D:3)
  A scorpion (D:3)
  4 adders
  An ufetubus (D:4)
  4 worms
  A dart slug (D:2)
  13 orcs
  6 endoplasms
  2 giant cockroaches
  12 goblins
  8 hobgoblins
  5 jackals
  5 quokkas
  3 ball pythons
  7 bats
  2 frilled lizards
  8 kobolds
  A rat (D:3)
84 creatures vanquished.

Notes
Turn   | Place    | Note
-------+----------+-------------------------------------------
     0 | D:1      | dianekeaton the Hill Orc Fighter began the quest for the
                  | Orb.
     0 | D:1      | Reached XP level 1. HP: 19/19 MP: 1/1
    43 | D:1      | Reached skill level 3 in Axes
   120 | D:1      | Reached XP level 2. HP: 26/26 MP: 2/2
   173 | D:1      | Reached skill level 4 in Axes
   616 | D:1      | Reached XP level 3. HP: 31/31 MP: 3/3
   855 | D:1      | Found a faded altar of an unknown god.
  1223 | D:2      | HP: 1/31 [worm (9)]
  1225 | D:2      | Reached skill level 5 in Axes
  1793 | D:2      | Reached XP level 4. HP: 38/39 MP: 4/4
  2731 | D:3      | Reached skill level 6 in Axes
  2815 | D:3      | Found a hide-covered altar of Uskayaw.
  3263 | D:2      | Reached XP level 5. HP: 35/45 MP: 5/5
  3487 | D:3      | Reached skill level 7 in Axes
  3491 | D:2      | HP: 2/45 [poisoned by a scorpion]
  3801 | D:3      | Found an opulent altar of Gozag.
  3801 | D:3      | Found a snail-covered altar of Cheibriados.
  3840 | D:3      | Found a radiant altar of Vehumet.
  3855 | D:3      | Noticed an ice beast
  3873 | D:3      | Killed an ice beast
  3874 | D:3      | Reached skill level 8 in Axes
  3874 | D:3      | Reached XP level 6. HP: 48/51 MP: 6/6
  4173 | D:4      | Reached skill level 1 in Stealth
  4260 | D:4      | Noticed Duvessa
  4260 | D:4      | Noticed Dowan
  4402 | D:5      | Entered Level 5 of the Dungeon
  4413 | D:5      | HP: 1/51 [poisoned by a scorpion]
  4416 | D:5      | Succumbed to a scorpion's poison

Illustrated notes

Levels and vault maps discovered:
D:1:      minmay_arrival_doors, layout_basic, shapermc_ecumenical_altar_pompeii
D:2:      layout_loops_ring, serial_co_window_serial, co_window_paths_b,
          co_window_paths_a, co_window_paths_a, co_window_paths_b,
          co_window_paths_a, co_window_paths_b, co_window_paths_b,
          co_window_of_opportunity_c, co_window_corner_cb,
          co_window_unsneaky_path_a, co_window_corner_b, co_window_cross_2,
          co_window_2corner, co_window_4corner_a, glass_columns_a,
          glass_columns_c, minmay_statues_item, corexii_hall_statues_u
D:3:      layout_rooms, mainiacjoe_overflow_chevrons,
          chequers_temple_overflow_statue_of_worship, vehumet_altar_wand_db
D:4:      minmay_angry_zag, layout_layer_cave,
          gammafunk_temple_overflow_forgotten, uniq_duvessa,
          uniq_crazy_yiuf_cottage
D:5:      layout_layer_cave, minmay_temple_entry_slanted, gup_sewer_entry_glass,
          ebering_ghost_rock_garden

Skill      XL: |  1  2  3  4  5  6 |
---------------+-------------------+-----
Axes           | 3 4 5 6 8 |  8.4
Stealth        | 1 |  1.0
Fighting       | |  3.6
Throwing       | |  0.1
Armour         | |  3.2
Shields        | |  3.2
Evocations     | |  0.2

Action                   |  1- 3 |  4- 6 || total
-------------------------+-------+-------++-------
Melee: War axe           |   103 |   127 ||   230
Throw: Stone             |       |     2 ||     2
Evoke: Wand              |       |     6 ||     6
  Use: Scroll            |     6 |     7 ||    13
       Potion            |     1 |     5 ||     6
Armor: Scale mail        |    49 |    61 ||   110
Dodge: Dodged            |    53 |    74 ||   127
Block: Buckler           |    28 |    47 ||    75
